 Dungeon Crawl Stone Soup version 0.20.1-1-g8b1a95d (webtiles) character file.

114 Internecine the Shooter (level 4, -2/37 HPs)
             Began as a Draconian Hunter on Sept 30, 2017.
             Slain by endorz's ghost (7 damage)
             ... on level 3 of the Dungeon.
             The game lasted 00:18:12 (1713 turns).

Internecine the Shooter (Draconian Hunter)          Turns: 1713, Time: 00:18:13

Health: -2/37      AC:  5    Str: 14    XL:     4   Next: 66%
Magic:  4/4        EV: 12    Int: 11    God:
Gold:   21         SH:  0    Dex: 13    Spells: 3/3 levels left

rFire    . . .     SeeInvis .   a - +1 shortbow
rCold    . . .     Gourm    .   (shield currently unavailable)
rNeg     . . .     Faith    .   (armour unavailable)
rPois    .         Spirit   .   (helmet restricted)
rElec    .         Reflect  .   (no cloak)
rCorr    .         Harm     .   (no gloves)
MR       .....                  (no boots)
Stlth    ++........             (no amulet)
Regen    0.2/turn               (no ring)
MPRegen  0.1/turn               (no ring)

@: no status effects
A: unfitting armour, cold-blooded, AC +5
a: no special abilities


You were on level 3 of the Dungeon.
You were not hungry.

You visited 1 branch of the dungeon, and saw 3 of its levels.

You collected 21 gold pieces.

Inventory:

Hand Weapons
 a - a +1 shortbow (weapon)
 b - a +0 short sword
 f - a +0 whip
 k - a +0 mace
 n - a +0 short sword
 q - a +0 whip
 w - a +0 dagger
Missiles
 c - 20 arrows (quivered)
 e - 116 stones
 r - 22 bolts
Jewellery
 u - a +2 ring of strength {unknown}
 x - an uncursed ring of positive energy {unknown}
Scrolls
 g - a scroll of immolation
 m - a scroll of enchant weapon {unknown}
 o - a scroll of amnesia {unknown}
 p - a scroll of magic mapping {unknown}
 s - a scroll of identify {unknown}
 t - a scroll of noise {unknown}
Potions
 l - a potion of brilliance {unknown}
Comestibles
 d - 3 bread rations
 h - 5 chunks of flesh
 v - a meat ration


   Skills:
 + Level 2.8 Fighting
 + Level 5.2 Bows
 + Level 2.0 Dodging
 + Level 1.0 Stealth


You had 3 spell levels left.
You didn't know any spells.

Dungeon Overview and Level Annotations

Branches:
Dungeon (3/15)

Altars:

Shops:
D:3 *

Annotations:
D:3 endorz's ghost, amateur TrMo


Innate Abilities, Weirdness & Mutations

Your plain brown scales are hard. (AC +5)
You cannot fit into any form of body armour.
You are cold-blooded and may be slowed by cold attacks.


Message History

Endorz's ghost hits you but does no damage.
Firing (i - inventory. (,) - cycle):
c - 21 arrows (quivered)
Press: ? - help, Shift-Dir - straight line, f/p - endorz's ghost
Aim: endorz's ghost (lightly damaged)
You shoot an arrow. The arrow barely misses endorz's ghost.
Endorz's ghost hits you!
* * * LOW HITPOINT WARNING * * *
As you read the scroll labeled ERUROWK KAOCEPN, it crumbles to dust.
The creatures around you are filled with an inner flame!
It was a scroll of immolation.
Endorz's ghost hits you.
* * * LOW HITPOINT WARNING * * *
As you read the scroll labeled BYUFAGGYAPAM, it crumbles to dust.
The scroll dissolves into smoke.
It was a scroll of fog.
Endorz's ghost barely misses you. Endorz's ghost says, "They lied to you.
The Dungeon just goes down and down forever."
As you read the scroll labeled JON AHACIHYNA, it crumbles to dust.
It is a scroll of enchant armour.
You aren't carrying any armour which can be enchanted further.
Endorz's ghost hits you!
You die...

.(.. ....
#(.#[..##
#g§......
#§# #§# #§#
#g# #W# #@#
#.# #.#
########.#
#......#.##
#.###.....#
#.<.......#
#.........##
#..........#


You could see endorz's ghost (inner flame) and a hobgoblin (inner flame).

Vanquished Creatures
  Robin (D:3)
  4 adders
  An ooze (D:2)
  3 worms (D:2)
  2 dart slugs (D:1)
  3 bats
  10 goblins
  8 hobgoblins
  4 jackals (D:2)
  A quokka (D:2)
  3 frilled lizards (D:2)
  5 kobolds (D:1)
  4 rats (D:1)
49 creatures vanquished.

Notes
Turn   | Place    | Note
-------+----------+-------------------------------------------
     0 | D:1      | Internecine the Draconian Hunter began the quest for the Orb.
     0 | D:1      | Reached XP level 1. HP: 17/17 MP: 1/1
   298 | D:1      | Reached XP level 2. HP: 21/24 MP: 2/2
   365 | D:1      | Reached skill level 4 in Bows
   760 | D:2      | Reached skill level 1 in Stealth
   760 | D:2      | Reached XP level 3. HP: 22/30 MP: 3/3
  1499 | D:2      | Reached XP level 4. HP: 37/37 MP: 4/4
  1611 | D:3      | Reached skill level 5 in Bows
  1618 | D:3      | Found Gozag's Platinum Reserve.
  1641 | D:3      | Noticed Robin
  1660 | D:3      | Killed Robin
  1697 | D:3      | Noticed endorz's ghost (amateur TrMo)
  1713 | D:3      | Slain by endorz's ghost

Skill      XL: |  1  2  3  4 |
---------------+-------------+-----
Bows           | 4 5 |  5.2
Stealth        | 1 |  1.0
Dodging        | 2 |  2.0
Fighting       | |  2.8

Action                   |  1- 3 |  4- 6 || total
-------------------------+-------+-------++-------
 Fire: Shortbow          |   113 |    46 ||   159
  Use: Scroll            |       |     3 ||     3
  Eat: Chunk             |     1 |     1 ||     2
Armor: Skin              |    12 |     2 ||    14
Dodge: Dodged            |    21 |     6 ||    27
